 Dungeon Crawl Stone Soup version 0.24.0-1-gfbc8707122 (webtiles) character file.

Game seed: 16424003181505975095, levelgen mode: deterministic

46 Nivan the Conjurer (level 3, -4/27 HPs)
             Began as a Draconian Conjurer on Oct 28, 2019.
             Killed by nerve-wracking pain
             ... invoked by an orc priest
              (14 damage)
             ... on level 3 of the Dungeon.
             The game lasted 00:07:36 (2002 turns).

Nivan the Conjurer (Draconian Conjurer)             Turns: 2002, Time: 00:07:37

Health: -4/27      AC:  6    Str: 10    XL:     3   Next: 44%
Magic:  1/6        EV: 11    Int: 16    God:
Gold:   95         SH:  0    Dex: 11    Spells: 5/6 levels left

rFire    . . .     SeeInvis .   c - +0 short sword
rCold    . . .     Gourm    .   (no shield)
rNeg     . . .     Faith    .   (armour unavailable)
rPois    .         Spirit   .   (helmet restricted)
rElec    .         Reflect  .   (no cloak)
rCorr    .         Harm     .   d - +0 pair of gloves
MR       .....                  (no boots)
Stlth    ++........             (no amulet)
HPRegen  0.09/turn              e - ring of stealth
MPRegen  0.10/turn              (no ring)

@: no status effects
A: unfitting armour, cold-blooded, AC +5
a: no special abilities


You were on level 3 of the Dungeon.
You were hungry.

You visited 1 branch of the dungeon, and saw 3 of its levels.

You collected 95 gold pieces.

Inventory:

Hand Weapons
 c - a +0 short sword (weapon)
Armour
 d - a +0 pair of gloves (worn)
 l - a +0 buckler
Jewellery
 e - a ring of stealth (left hand)
Wands
 q - a wand of flame (12)
Scrolls
 g - 3 scrolls of identify {unknown}
 h - 2 scrolls of remove curse
 n - a scroll of blinking {unknown}
 p - a scroll of enchant weapon {unknown}
 r - a scroll of enchant armour {unknown}
Potions
 a - a potion of lignification {unknown}
 i - 2 potions of curing {unknown}
 j - a potion of haste {unknown}
 k - a potion of degeneration {unknown}
 m - a potion of brilliance {unknown}
 o - a potion of might {unknown}
Comestibles
 b - 8 rations


   Skills:
 + Level 0.4(0.2) Fighting
 + Level 1.9(0.9) Dodging
 + Level 1.9(0.9) Stealth
 + Level 2.4(1.2) Spellcasting
 + Level 4.8(2.4) Conjurations


You had 5 spell levels left.
You knew the following spells:

 Your Spells              Type           Power        Failure   Level  Hunger
a - Magic Dart            Conj           #...         9%          1    ##.....

Your spell library contained the following spells:

 Spells                   Type           Power        Failure   Level  Hunger
 Searing Ray              Conj           #.....       13%         2    ###....
 Dazzling Spray           Conj/Hex       #.....       38%         3    ####...
 Iskenderun's Mystic Bla  Conj           #.......     63%         4    #####..
 Force Lance              Conj/Tloc      #.......     80%         4    #####..
 Fulminant Prism          Conj/Hex       #.........   80%         4    #####..


Dungeon Overview and Level Annotations

Branches:
Dungeon (3/15)

Altars:
Ashenzari


Innate Abilities, Weirdness & Mutations

Your plain brown scales are hard. (AC +5)
You cannot fit into any form of body armour.
You are cold-blooded and may be slowed by cold attacks.


Message History

Casting: Magic Dart (safe; 9% risk of failure)
Confirm with . or Enter, or press ? or * to list all spells.
You don't have enough magic to cast that spell.
The orc priest hits you but does no damage.
You barely miss the orc priest.
The orc priest is severely wounded.
The orc priest calls down the wrath of Beogh upon you.
Pain shoots through your body!
You closely miss the orc priest.
The orc priest is severely wounded.
The orc priest misses you.
You barely miss the orc priest.
The orc priest is severely wounded.
The orc priest hits you with a +0 mace.
You barely miss the orc priest.
The orc priest is severely wounded.
The orc priest invokes the aid of Beogh against you.
Pain shoots through your body!
Ouch! That really hurt!
You die...

#...##.##.#.####### ##...
#....).### ### #....
###......#### #..
#..###..#.......#####.#
#...#.####(..(...#...#
#.<.....#####.##...###
#.###....#.....#.>....#
#.......######..#####.#
#....#..@oo####.# #.###
>..#####.##......#####...#
.. .........o[...........
. ####.#######.######...
#.# #.........# #..
#.###...#.. ##. #..
#.##### ##. #.# #.##.#


You could see an orc priest and 2 orcs.

Vanquished Creatures
  2 worms (D:2)
  A giant cockroach (D:2)
  5 hobgoblins
  4 jackals (D:1)
  2 bats (D:2)
  4 frilled lizards
  6 goblins
  10 kobolds
  4 rats
38 creatures vanquished.

Notes
Turn   | Place    | Note
-------+----------+-------------------------------------------
     0 | D:1      | Nivan the Draconian Conjurer began the quest for the Orb.
     0 | D:1      | Reached XP level 1. HP: 14/14 MP: 3/3
   362 | D:1      | Reached XP level 2. HP: 20/20 MP: 1/5
  1098 | D:2      | Reached XP level 3. HP: 26/26 MP: 2/6
  1447 | D:2      | Found a faded altar of an unknown god.
  1474 | D:2      | Became a worshipper of Ashenzari the Shackled
  1474 | D:2      | Reached * piety under Ashenzari
  1504 | D:2      | Fell from the grace of Ashenzari
  1959 | D:3      | Found a shattered altar of Ashenzari.
  2002 | D:3      | Killed from afar by an orc priest

Levels and vault maps discovered:
D:1:      dpeg_arrival_pits, layout_basic
D:2:      layout_basic, chequers_ecumenical_altar_simple_redux,
          kennysheep_generic_room_8
D:3:      layout_rooms, gammafunk_ghost_grave, ashenzari_altar_1

Action                   || total
-------------------------++-------
Melee: Unarmed           ||    14
       Tailslap          ||     3
       Short sword       ||    36
 Cast: Magic Dart        ||    72
Invok: Renounce Religion ||     1
  Eat: Chunk             ||     4
Armor: Skin              ||    15
Dodge: Dodged            ||    27
